[Event "ICC tourney 2983 (25 5)"]
[Site "Internet Chess Club"]
[Date "2022.08.13"]
[Round "1"]
[White "ANGEL, BORYS:BArkadia"]
[Black "MOELTNER, BRIAN MICHAEL:BrianM1"]
[Result "0-1"]
[ICCResult "White checkmated"]
[WhiteElo "1434"]
[BlackElo "1214"]
[Opening "Sicilian"]
[ECO "B54"]
[NIC "SI.01"]
[Time "11:00:14"]
[PlyCount "64"]
[TimeControl "1500+5"]

1. e4 c5 2. Nf3 d6 3. d4 cxd4 4. Nxd4 Nc6 5. c4 g6 6. Nc3 Bg7 7. Nxc6 bxc6
8. Be3 Nf6 9. Be2 Bb7 10. Qd2 d5 11. cxd5 cxd5 12. exd5 Nxd5 13. Nxd5 Bxd5
14. Bb5+ Kf8 15. Rd1 e6 16. Bh6 Qh4 17. Bxg7+ Kxg7 18. Qc3+ f6 19. Qc7+ Kh6
20. Qg3 Qb4+ 21. Qc3 Qxb5 22. Qxf6 Qb4+ 23. Kf1 Rhf8 24. Qe5 Rf5 25. Qg3
Raf8 26. Qh3+ Kg7 27. Qc3+ Qxc3 28. bxc3 Rxf2+ 29. Ke1 Bc4 30. Rd7+ Kh6 31.
Rd2 Rf1+ 32. Rxf1 Rxf1# {White checkmated} 0-1

[Event "ICC tourney 2983 (25 5)"]
[Site "Internet Chess Club"]
[Date "2022.08.13"]
[Round "1"]
[White "Mishra, Aakash:ttpq52"]
[Black "Cao, Frank Zhongtian:FrankCao"]
[Result "0-1"]
[ICCResult "White resigns"]
[WhiteElo "489"]
[BlackElo "1253"]
[Opening "Queen's pawn: Chigorin variation"]
[ECO "D00"]
[NIC "QP.08"]
[Time "11:00:52"]
[PlyCount "62"]
[TimeControl "1500+5"]

1. d4 d5 2. Nc3 c5 3. e4 dxe4 4. d5 Nf6 5. Nge2 e6 6. Nf4 exd5 7. Nfxd5 Nxd5
8. Qxd5 Qxd5 9. Nxd5 Bd6 10. Be3 Be6 11. O-O-O Nd7 12. Nf6+ gxf6 13. Rxd6
Ke7 14. Rd1 b6 15. g3 Rad8 16. Bg2 f5 17. g4 fxg4 18. Bxe4 f5 19. Bg2 Nf6
20. Rdf1 Kf7 21. f4 h5 22. h4 Bd5 23. Bxd5+ Nxd5 24. Bg1 Nf6 25. Be3 Ne4 26.
Bf2 g3 27. Be3 g2 28. Rfg1 gxh1=Q 29. Rxh1 Ng3 30. Rh2 Nf1 31. Re2 Rhe8
{White resigns}
0-1

[Event "ICC tourney 2983 (25 5)"]
[Site "Internet Chess Club"]
[Date "2022.08.13"]
[Round "1"]
[White "GHAZARIAN, JANNA:Janna"]
[Black "LIN, LEIA:K05-17110828"]
[Result "1/2-1/2"]
[ICCResult "Game drawn by mutual agreement"]
[WhiteElo "963"]
[BlackElo "1310"]
[Opening "Sicilian defense"]
[ECO "B33"]
[NIC "SI.34"]
[Time "11:00:03"]
[PlyCount "77"]
[TimeControl "1500+5"]

1. e4 c5 2. Nf3 Nc6 3. d4 cxd4 4. Nxd4 Nf6 5. Nc3 e6 6. Bc4 Bb4 7. Ne2 Nxe4
8. Bd2 Nxd2 9. Qxd2 d5 10. Bb3 d4 11. a3 Ba5 12. Nxd4 Qxd4 13. Rd1 Qxd2+ 14.
Rxd2 Bxc3 15. bxc3 O-O 16. O-O e5 17. f4 exf4 18. Rxf4 Re8 19. Bxf7+ Kf8 20.
Bxe8+ Kxe8 21. Re4+ Kf7 22. Rf2+ Kg6 23. h4 Bf5 24. Ref4 Ne7 25. g4 Bd7 26.
Rf7 Re8 27. h5+ Kh6 28. Rg2 Be6 29. Rf4 Nd5 30. Rf3 a6 31. Rh3 g6 32. g5+
Kg7 33. h6+ Kg8 34. Rf3 Bf5 35. Rgf2 Re4 36. Rd2 Rg4+ 37. Kf2 Be4 38. Rg3
Rf4+ 39. Ke1 {Game drawn by mutual agreement} 1/2-1/2

[Event "ICC tourney 2983 (25 5)"]
[Site "Internet Chess Club"]
[Date "2022.08.13"]
[Round "1"]
[White "Chen, Angelique Lee:oklahoo"]
[Black "LIN, CARL:K01-17110834"]
[Result "0-1"]
[ICCResult "White checkmated"]
[WhiteElo "899"]
[BlackElo "1275"]
[Opening "Giuoco Piano"]
[ECO "C50"]
[NIC "IG.02"]
[Time "11:02:32"]
[PlyCount "152"]
[TimeControl "1500+5"]

1. e4 e5 2. Nf3 Nc6 3. Bc4 Bc5 4. O-O Nf6 5. Nc3 O-O 6. Nxe5 Nxe5 7. d4 Nxc4
8. dxc5 d6 9. Bg5 h6 10. Bh4 Be6 11. b3 Na5 12. cxd6 cxd6 13. Nd5 Bxd5 14.
exd5 b6 15. c4 Rc8 16. Re1 Nb7 17. Qf3 Nc5 18. Re2 Rc7 19. Rae1 Rd7 20. b4
Nb7 21. Qg3 Kh8 22. Re3 Rg8 23. Qf3 Rc7 24. Rc3 Re8 25. Rxe8+ Qxe8 26. Re3
Qd8 27. Qe2 Kh7 28. Qd3+ Kh8 29. Bxf6 gxf6 30. Rh3 Qf8 31. Qd4 Qg7 32. Qe4
Qg5 33. Qe8+ Kh7 34. Qe4+ Qg6 35. Re3 Qxe4 36. Rxe4 Kg6 37. a4 Kf5 38. f3
Kg6 39. g4 f5 40. gxf5+ Kxf5 41. Kg2 Nd8 42. Kh3 Nb7 43. Kh4 Kg6 44. Kg4 a5
45. bxa5 Nxa5 46. Kg3 Rxc4 47. Kf4 Rxe4+ 48. fxe4 f6 49. Ke3 Kg5 50. Kd3 Kg4
51. Kc3 Kh3 52. Kb4 Kxh2 53. Kb5 Kg2 54. Kxb6 Nb3 55. a5 Nxa5 56. Kxa5 h5
57. Kb6 h4 58. Kc6 h3 59. Kxd6 h2 60. Ke6 h1=Q 61. Kxf6 Kg3 62. Ke5 Kg4 63.
d6 Qa1+ 64. Kd5 Kf4 65. d7 Qa4 66. d8=Q Qd1+ 67. Ke6 Qxd8 68. e5 Qe8+ 69.
Kf6 Qxe5+ 70. Kg6 Kg4 71. Kh6 Qf5 72. Kg7 Qe6 73. Kf8 Qd7 74. Kg8 Kg5 75.
Kf8 Kg6 76. Kg8 Qg7# {White checkmated} 0-1

[Event "ICC tourney 2983 (25 5)"]
[Site "Internet Chess Club"]
[Date "2022.08.13"]
[Round "1"]
[White "Mishra, Abhinav:acm9000"]
[Black "STINSON, RUSSELL:rcstinson"]
[Result "0-1"]
[ICCResult "White resigns"]
[WhiteElo "1211"]
[BlackElo "1405"]
[Opening "Queen's pawn: London system"]
[ECO "A45"]
[NIC "QP.07"]
[Time "11:02:02"]
[PlyCount "82"]
[TimeControl "1500+5"]

1. d4 Nf6 2. Bf4 e6 3. e3 c5 4. Nf3 Nc6 5. Nbd2 Be7 6. c3 O-O 7. h3 b6 8.
Bd3 Bb7 9. O-O cxd4 10. cxd4 Rc8 11. a3 d5 12. Rc1 h6 13. Re1 Bd6 14. Ne5
Bxe5 15. dxe5 Nd7 16. Nf3 Nc5 17. Bc2 Ba6 18. b4 Ne4 19. Bxe4 dxe4 20. Nd4
Nxd4 21. Rxc8 Qxc8 22. exd4 Bd3 23. Qg4 Kh7 24. Qd1 Qc3 25. Qa1 Rc8 26. Be3
Qb3 27. Rc1 Rc2 28. Rxc2 Qxc2 29. Qc1 Qb3 30. Kh2 Kg6 31. g4 Be2 32. Kg3 Bf3
33. h4 Qd3 34. h5+ Kh7 35. Kh4 Qe2 36. g5 Bxh5 37. Qg1 Bg6 38. gxh6 Qh5+ 39.
Kg3 gxh6 40. Qh2 Qf3+ 41. Kh4 Bf5 {White resigns} 0-1

[Event "ICC tourney 2983 (25 5)"]
[Site "Internet Chess Club"]
[Date "2022.08.13"]
[Round "1"]
[White "RAMANATHAN, VARUN:Grasshopper411"]
[Black "ZHOU, YUCHEN:K01-30171464"]
[Result "1-0"]
[ICCResult "Black forfeits on time"]
[WhiteElo "1284"]
[BlackElo "904"]
[Opening "Sicilian: Grand Prix attack"]
[ECO "B23"]
[NIC "SI.44"]
[Time "11:00:10"]
[PlyCount "59"]
[TimeControl "1500+5"]

1. e4 c5 2. Nc3 Nc6 3. f4 d6 4. Bb5 Bd7 5. Nf3 a6 6. Bxc6 Bxc6 7. d4 cxd4 8.
Nxd4 Qc7 9. Nxc6 Qxc6 10. Qf3 Nf6 11. Be3 g6 12. O-O Bg7 13. Rae1 O-O 14.
Bc1 e5 15. f5 b5 16. Nd5 Nxd5 17. exd5 Qxc2 18. f6 Bh8 19. Bh6 Rfc8 20. Re2
Qc5+ 21. Kh1 Qa7 22. h4 Qd4 23. g3 Qa7 24. h5 Rc7 25. Ref2 Rac8 26. hxg6
hxg6 27. Rh2 Rc2 28. Rh3 Rxb2 29. Bg7 Bxg7 30. fxg7 {Black forfeits on time}
1-0

[Event "ICC tourney 2983 (25 5)"]
[Site "Internet Chess Club"]
[Date "2022.08.13"]
[Round "1"]
[White "MOROZOV, VASILIY:VasilyMorozov"]
[Black "Hyzer, Evan:ehyzer"]
[Result "0-1"]
[ICCResult "White forfeits on time"]
[WhiteElo "1393"]
[BlackElo "1053"]
[Opening "Réti: Nimzovich-Larsen attack"]
[ECO "A06"]
[NIC "QP.09"]
[Time "11:00:52"]
[PlyCount "118"]
[TimeControl "1500+5"]

1. Nf3 d5 2. b3 Nf6 3. Bb2 c5 4. e3 Nc6 5. d4 Bf5 6. Bd3 Bg6 7. dxc5 e6 8.
Ne5 Nxe5 9. Bxe5 Bxc5 10. Bb5+ Ke7 11. Qe2 a6 12. Bd3 Re8 13. Bxg6 fxg6 14.
Nd2 Rc8 15. O-O Kf7 16. Rad1 Bd6 17. Nc4 Bxe5 18. Nxe5+ Kg8 19. c4 Ne4 20.
Rd4 Qf6 21. Nd7 Qf7 22. Nb6 Rc6 23. cxd5 Nc3 24. Qd2 exd5 25. Nxd5 Nb5 26.
Rf4 Qe6 27. a4 Rd6 28. Rd1 Red8 29. e4 Nc7 30. Qa5 b6 31. Qb4 a5 32. Qc3
Nxd5 33. exd5 Rxd5 34. Rxd5 Qxd5 35. h3 h6 36. Qc7 Qd6 37. Rf7 Qxc7 38. Rxc7
Rd3 39. Rc6 Rxb3 40. Rxg6 b5 41. axb5 Rxb5 42. Ra6 Rb1+ 43. Kh2 Ra1 44. Ra7
a4 45. Kg3 a3 46. Kh2 a2 47. Kg3 Kh7 48. Ra6 h5 49. Kh4 g6 50. Kg5 Rg1 51.
Rxa2 Rxg2+ 52. Kf6 Kh6 53. h4 Rh2 54. Ke5 Rxh4 55. f4 Rg4 56. Rh2 h4 57. f5
gxf5 58. Kxf5 Kh5 59. Rh1 Rg2 {White forfeits on time} 0-1

[Event "ICC tourney 2983 (25 5)"]
[Site "Internet Chess Club"]
[Date "2022.08.13"]
[Round "2"]
[White "MOELTNER, BRIAN MICHAEL:BrianM1"]
[Black "RAMANATHAN, VARUN:Grasshopper411"]
[Result "0-1"]
[ICCResult "White resigns"]
[WhiteElo "1214"]
[BlackElo "1284"]
[Opening "Caro-Kann defense"]
[ECO "B10"]
[NIC "CK.01"]
[Time "12:30:11"]
[PlyCount "23"]
[TimeControl "1500+5"]

1. e4 c6 2. Nf3 d5 3. d3 dxe4 4. Ng5 Nf6 5. Nc3 Bf5 6. Bf4 exd3 7. Bxd3 Bxd3
8. Qxd3 Nbd7 9. Rd1 e5 10. Bxe5 Nxe5 11. Qe4 Nxe4 12. O-O {White resigns}
0-1

[Event "ICC tourney 2983 (25 5)"]
[Site "Internet Chess Club"]
[Date "2022.08.13"]
[Round "2"]
[White "Hyzer, Evan:ehyzer"]
[Black "BOGIN, THEODORE:tbogin1"]
[Result "1-0"]
[ICCResult "Black resigns"]
[WhiteElo "1053"]
[BlackElo "1262"]
[Opening "Sicilian: Nimzovich-Rossolimo attack (with ...g6, without ...d6)"]
[ECO "B31"]
[NIC "SI.31"]
[Time "12:30:02"]
[PlyCount "83"]
[TimeControl "1500+5"]

1. e4 c5 2. Nf3 Nc6 3. Bb5 g6 4. O-O Bg7 5. Bxc6 bxc6 6. Re1 e5 7. d3 Ne7 8.
Be3 d6 9. Nc3 Be6 10. Qd2 Qd7 11. Ng5 O-O-O 12. a3 f5 13. Nxe6 Qxe6 14. exf5
gxf5 15. b4 f4 16. Bxf4 Qf5 17. Bg3 h5 18. h4 Bh6 19. Qe2 c4 20. dxc4 Ng6
21. c5 d5 22. Qa6+ Kd7 23. Qb7+ Ke8 24. Qxc6+ Kf7 25. Nxd5 Qe6 26. Qxe6+
Kxe6 27. Nc7+ Kf6 28. Nb5 a6 29. Nd6 Nf4 30. Bxf4 Bxf4 31. g3 Rhg8 32. Kh2
Bh6 33. Re2 Bf8 34. Rae1 Bxd6 35. cxd6 Rxd6 36. Rxe5 Rh8 37. Rg5 Rd2 38. Kg2
Rxc2 39. Ree5 Ra2 40. Rxh5 Rxh5 41. Rxh5 Rxa3 42. Ra5 {Black resigns} 1-0

[Event "ICC tourney 2983 (25 5)"]
[Site "Internet Chess Club"]
[Date "2022.08.13"]
[Round "2"]
[White "LIN, CARL:K01-17110834"]
[Black "MEHTA, CHAITANYA:Chai2006"]
[Result "1/2-1/2"]
[ICCResult "Game drawn by mutual agreement"]
[WhiteElo "1275"]
[BlackElo "1231"]
[Opening "French: exchange variation"]
[ECO "C01"]
[NIC "FR.01"]
[Time "12:29:58"]
[PlyCount "92"]
[TimeControl "1500+5"]

1. e4 e6 2. d4 d5 3. exd5 exd5 4. Nc3 Nc6 5. Bf4 Bd6 6. Bxd6 Qxd6 7. Nf3 Nf6
8. Bb5 O-O 9. O-O Bg4 10. Bxc6 Qxc6 11. h3 Bh5 12. Qd3 Ne4 13. Ne5 Qd6 14.
Nxe4 dxe4 15. Qxe4 Rfe8 16. Qf5 Qxd4 17. Qxh5 Rxe5 18. Qf3 Qxb2 19. Rab1
Qxa2 20. Qxb7 Rae8 21. Qxc7 Re2 22. Ra1 Qxc2 23. Qxc2 Rxc2 24. Rxa7 g6 25.
Kh2 Ree2 26. Kg3 Kg7 27. Ra3 h5 28. Rf3 g5 29. h4 g4 30. Rf5 Kg6 31. Rg5+
Kh6 32. Rf5 Kg6 33. Rg5+ Kh6 34. Rf5 Rc3+ 35. Kh2 Rxf2 36. R5xf2 g3+ 37. Kh1
gxf2 38. Rxf2 Kg6 39. Kh2 f5 40. g3 Kf6 41. Kg2 Re3 42. Rc2 Ke5 43. Rc5+ Ke4
44. Rc4+ Kd3 45. Rf4 Re2+ 46. Kh3 Re5 {Game drawn by mutual agreement}
1/2-1/2

[Event "ICC tourney 2983 (25 5)"]
[Site "Internet Chess Club"]
[Date "2022.08.13"]
[Round "2"]
[White "LIN, LEIA:K05-17110828"]
[Black "AVADHANAM, ADVAITH:K12-30125010"]
[Result "1-0"]
[ICCResult "Black checkmated"]
[WhiteElo "1310"]
[BlackElo "1065"]
[Opening "Ruy Lopez: old Steinitz defense"]
[ECO "C62"]
[NIC "RL.02"]
[Time "12:30:46"]
[PlyCount "47"]
[TimeControl "1500+5"]

1. e4 e5 2. Nf3 Nc6 3. Bb5 d6 4. d4 exd4 5. Nxd4 Bd7 6. Bxc6 Bxc6 7. Nxc6
bxc6 8. Nc3 Nf6 9. Bg5 Be7 10. O-O O-O 11. Qd2 Rb8 12. b3 Ng4 13. Bxe7 Qxe7
14. h3 Nf6 15. Rfe1 Qe5 16. Rad1 Rb4 17. Qd3 Re8 18. a3 Rbb8 19. Qc4 Nh5 20.
Qxc6 Re7 21. Rd5 Qf6 22. Rxh5 Rb6 23. Qa8+ Re8 24. Qxe8# {Black checkmated}
1-0

[Event "ICC tourney 2983 (25 5)"]
[Site "Internet Chess Club"]
[Date "2022.08.13"]
[Round "2"]
[White "Chen, Angelique Lee:oklahoo"]
[Black "MOROZOV, VASILIY:VasilyMorozov"]
[Result "1/2-1/2"]
[ICCResult "Game drawn because neither player has mating material"]
[WhiteElo "899"]
[BlackElo "1393"]
[Opening "Scandinavian: Pytel-Wade variation"]
[ECO "B01"]
[NIC "SD.02"]
[Time "12:30:15"]
[PlyCount "108"]
[TimeControl "1500+5"]

1. e4 d5 2. exd5 Qxd5 3. Nc3 Qd6 4. Nf3 Nf6 5. Bb5+ c6 6. Bc4 Bg4 7. h3 Bh5
8. Be2 e6 9. d3 Be7 10. Be3 Nbd7 11. O-O O-O 12. Ne4 Qb4 13. Nxf6+ Bxf6 14.
Rb1 Rad8 15. c3 Qa5 16. a3 Bg6 17. Qc1 Ne5 18. b4 Qa6 19. Nxe5 Bxe5 20. Rb2
Bxd3 21. Bxd3 Rxd3 22. Rc2 Qc4 23. Bxa7 Bf4 24. Be3 Bxe3 25. fxe3 Rfd8 26.
Kh2 Rxe3 27. Rxf7 Rxh3+ 28. gxh3 Kxf7 29. Rf2+ Kg8 30. Qg5 Qd5 31. Qf4 Qd6
32. Qxd6 Rxd6 33. Rf3 b5 34. Kg3 Rd7 35. Re3 Kf7 36. Kf4 Ra7 37. c4 bxc4 38.
Rc3 Kf6 39. h4 e5+ 40. Ke4 Ke6 41. Rxc4 Kd6 42. Rc3 Rf7 43. Rf3 Rxf3 44.
Kxf3 Kd5 45. a4 Kc4 46. a5 Kb5 47. Ke4 g6 48. Kxe5 h6 49. Kf6 g5 50. hxg5
hxg5 51. Kxg5 c5 52. bxc5 Kxc5 53. a6 Kb6 54. a7 Kxa7
{Game drawn because neither player has mating material}
1/2-1/2

[Event "ICC tourney 2983 (25 5)"]
[Site "Internet Chess Club"]
[Date "2022.08.13"]
[Round "2"]
[White "ZHOU, YUCHEN:K01-30171464"]
[Black "Mishra, Aakash:ttpq52"]
[Result "0-1"]
[ICCResult "White checkmated"]
[WhiteElo "904"]
[BlackElo "489"]
[Opening "Queen's pawn: English defense"]
[ECO "A40"]
[NIC "QO.17"]
[Time "12:30:15"]
[PlyCount "124"]
[TimeControl "1500+5"]

1. d4 b6 2. Nf3 Bb7 3. c4 e6 4. Nc3 Bb4 5. Bg5 f6 6. Bh4 g5 7. Bg3 g4 8. Nd2
f5 9. a3 Bxc3 10. bxc3 Nf6 11. Qc2 d5 12. cxd5 Nxd5 13. Be5 Nf6 14. e3 Nc6
15. Bxf6 Qxf6 16. Bd3 h5 17. e4 e5 18. d5 Ne7 19. c4 f4 20. Rb1 O-O-O 21. c5
Kb8 22. Qb2 Ng6 23. cxb6 cxb6 24. Nc4 Rc8 25. Na5 Rh7 26. Nxb7 Kxb7 27. Bb5
Qd6 28. Bc6+ Kb8 29. Qb4 Qxb4+ 30. axb4 Rcc7 31. O-O Rcg7 32. g3 fxg3 33.
fxg3 Ne7 34. Rf8+ Kc7 35. Rf6 Kb8 36. Rbf1 h4 37. Rf8+ Nc8 38. Kg2 h3+ 39.
Kg1 Kc7 40. R1f5 Re7 41. R5f6 Nd6 42. Re6 Rxe6 43. dxe6 Kxc6 44. Rf6 Nxe4
45. Rf7 Rh8 46. e7 Re8 47. Kf1 Kd7 48. Ke2 Rxe7 49. Rxe7+ Kxe7 50. Ke3 Nc3
51. Kd3 Na2 52. Kc4 Kd6 53. Kb3 e4 54. Kxa2 e3 55. Kb2 e2 56. Kc2 e1=Q 57.
Kd3 Qxb4 58. Kc2 Qd4 59. Kb3 Qc5 60. Ka4 b5+ 61. Ka5 Kc6 62. Ka6 Qa3#
{White checkmated}
0-1

[Event "ICC tourney 2983 (25 5)"]
[Site "Internet Chess Club"]
[Date "2022.08.13"]
[Round "2"]
[White "STINSON, RUSSELL:rcstinson"]
[Black "Cao, Frank Zhongtian:FrankCao"]
[Result "0-1"]
[ICCResult "White resigns"]
[WhiteElo "1405"]
[BlackElo "1253"]
[Opening "Queen's pawn: stonewall attack"]
[ECO "D00"]
[NIC "QP.08"]
[Time "12:29:55"]
[PlyCount "134"]
[TimeControl "1500+5"]

1. d4 d5 2. e3 Nf6 3. Bd3 c5 4. c3 e6 5. Nd2 Nc6 6. f4 cxd4 7. exd4 Bd6 8.
Nh3 O-O 9. O-O b6 10. Nf3 a5 11. Ne5 Ne7 12. Rf3 Ba6 13. Bc2 Ng6 14. Nf2 Nd7
15. Rh3 Ndxe5 16. fxe5 Be7 17. Qh5 h6 18. Bxg6 fxg6 19. Qxg6 Rxf2 20. Qxe6+
Rf7 21. Bxh6 Bc8 22. Qg6 Bxh3 23. gxh3 Bf8 24. Re1 Qh4 25. Bd2 Qf2+ 26. Kh1
Qxd2 27. Rg1 Qxb2 28. e6 Re7 29. h4 Qxc3 30. h5 Qxd4 31. Rg4 Qd1+ 32. Rg1
Qe2 33. h6 Qe4+ 34. Qxe4 dxe4 35. hxg7 Rxg7 36. Rb1 Rb8 37. Re1 Re7 38. Rxe4
Kg7 39. Kg2 Kf6 40. h4 Rxe6 41. Rg4 Re2+ 42. Kf3 Rxa2 43. h5 Ra3+ 44. Kg2
Re8 45. Kf2 Re7 46. Rf4+ Kg7 47. h6+ Kxh6 48. Rxf8 b5 49. Rf6+ Kg5 50. Rb6
b4 51. Rb5+ Kf4 52. Rb8 Ra2+ 53. Kf1 Ke3 54. Rg8 Rf7+ 55. Kg1 Rff2 56. Re8+
Kd4 57. Rd8+ Kc4 58. Rc8+ Kb3 59. Rh8 Rfb2 60. Rh3+ Ka4 61. Rf3 Ra1+ 62. Rf1
Rxf1+ 63. Kxf1 Ra2 64. Ke1 b3 65. Kd1 Rh2 66. Kc1 Kb4 67. Kb1 Kc3
{White resigns}
0-1

[Event "ICC tourney 2983 (25 5)"]
[Site "Internet Chess Club"]
[Date "2022.08.13"]
[Round "2"]
[White "ANGEL, BORYS:BArkadia"]
[Black "GHAZARIAN, JANNA:Janna"]
[Result "1-0"]
[ICCResult "Black checkmated"]
[WhiteElo "1434"]
[BlackElo "963"]
[Opening "Giuoco Piano"]
[ECO "C50"]
[NIC "IG.02"]
[Time "12:30:03"]
[PlyCount "81"]
[TimeControl "1500+5"]

1. e4 e5 2. Nf3 Nc6 3. Bc4 Bc5 4. Nc3 d6 5. h3 Nf6 6. d3 h6 7. O-O Be6 8.
Bxe6 fxe6 9. Re1 Qe7 10. Ne2 O-O-O 11. c3 d5 12. exd5 exd5 13. b4 Bb6 14.
Nf4 Rhe8 15. Ne2 e4 16. Ned4 Nxd4 17. Nxd4 Bxd4 18. cxd4 Qxb4 19. Be3 Qb5
20. dxe4 Nxe4 21. Rb1 Qa6 22. Qg4+ Rd7 23. Rec1 Qe6 24. Qd1 Ree7 25. Rb4 Rd6
26. Bf4 Rc6 27. Rxc6 Qxc6 28. Rb2 Nc3 29. Qg4+ Kb8 30. Rc2 b5 31. Qf3 b4 32.
a3 a5 33. axb4 axb4 34. Be5 Qa4 35. Rc1 Qa2 36. Qf8+ Ka7 37. Qxe7 Ne2+ 38.
Kh2 Nxc1 39. Qxc7+ Ka6 40. Qc6+ Ka5 41. Bc7# {Black checkmated} 1-0

[Event "ICC tourney 2983 (25 5)"]
[Site "Internet Chess Club"]
[Date "2022.08.13"]
[Round "3"]
[White "BOGIN, THEODORE:tbogin1"]
[Black "Mishra, Aakash:ttpq52"]
[Result "1-0"]
[ICCResult "Black resigns"]
[WhiteElo "1262"]
[BlackElo "489"]
[Opening "Owen defense"]
[ECO "B00"]
[NIC "VO.03"]
[Time "14:00:19"]
[PlyCount "37"]
[TimeControl "1500+5"]

1. e4 b6 2. d4 Bb7 3. Bd3 e6 4. Nc3 Nf6 5. f4 Bb4 6. Qe2 O-O 7. e5 Nd5 8.
Bd2 Nxc3 9. bxc3 Be7 10. O-O-O Bd5 11. c4 Bb7 12. Nf3 d5 13. h4 dxc4 14.
Bxh7+ Kh8 15. Be4 Bd5 16. Ng5 Bxg5 17. hxg5+ Kg8 18. Qh5 f5 19. g6
{Black resigns}
1-0

[Event "ICC tourney 2983 (25 5)"]
[Site "Internet Chess Club"]
[Date "2022.08.13"]
[Round "3"]
[White "LIN, CARL:K01-17110834"]
[Black "Hyzer, Evan:ehyzer"]
[Result "1/2-1/2"]
[ICCResult "Game drawn by repetition"]
[WhiteElo "1275"]
[BlackElo "1053"]
[Opening "Sicilian: Kan, 5.Nc3"]
[ECO "B43"]
[NIC "SI.41"]
[Time "14:00:04"]
[PlyCount "144"]
[TimeControl "1500+5"]

1. e4 c5 2. Nf3 e6 3. d4 cxd4 4. Nxd4 a6 5. Nc3 Qc7 6. Be3 Bb4 7. Bd2 Nf6 8.
f3 Nc6 9. Nxc6 bxc6 10. Be2 d5 11. a3 Bc5 12. exd5 cxd5 13. Bd3 Rb8 14. Na4
Qe5+ 15. Qe2 Qxe2+ 16. Kxe2 Bd6 17. b3 O-O 18. Kf2 e5 19. Rhe1 Bb7 20. Kg1
d4 21. Bg5 Nd5 22. Be4 f6 23. Bd2 Rfc8 24. Rec1 Bc6 25. Nb2 Bc5 26. Kh1 g5
27. Nd3 Ba7 28. Nb2 Ne3 29. Bxe3 dxe3 30. Bxc6 Rxc6 31. Nc4 Rd8 32. Re1 Kf7
33. Rac1 Ke6 34. Nxe3 Bxe3 35. Rxe3 Rd2 36. c3 Rb2 37. c4 Rd6 38. c5 Rdd2
39. c6 Rxg2 40. c7 Rxh2+ 41. Kg1 Rhc2 42. Rc3 Rg2+ 43. Kh1 Rh2+ 44. Kg1
Rbg2+ 45. Kf1 Rf2+ 46. Ke1 Re2+ 47. Kf1 Ref2+ 48. Kg1 Rhg2+ 49. Kh1 Rh2+ 50.
Kg1 Rfg2+ 51. Kf1 Rf2+ 52. Ke1 Re2+ 53. Kd1 Rd2+ 54. Ke1 Rhe2+ 55. Kf1 Rf2+
56. Ke1 Rfe2+ 57. Kf1 Rf2+ 58. Kg1 Rg2+ 59. Kh1 Rh2+ 60. Kg1 Rhg2+ 61. Kh1
Rh2+ 62. Kg1 Rdg2+ 63. Kf1 Rf2+ 64. Kg1 Rhg2+ 65. Kh1 Rh2+ 66. Kg1 Rhg2+ 67.
Kh1 Rh2+ 68. Kg1 Rhg2+ 69. Kh1 Rh2+ 70. Kg1 Rhg2+ 71. Kh1 Rh2+ 72. Kg1 Rhg2+
{Game drawn by repetition}
1/2-1/2

[Event "ICC tourney 2983 (25 5)"]
[Site "Internet Chess Club"]
[Date "2022.08.13"]
[Round "3"]
[White "AVADHANAM, ADVAITH:K12-30125010"]
[Black "Chen, Angelique Lee:oklahoo"]
[Result "0-1"]
[ICCResult "White checkmated"]
[WhiteElo "1065"]
[BlackElo "899"]
[Opening "Four knights: Scotch, 4...exd4"]
[ECO "C47"]
[NIC "KP.06"]
[Time "14:00:02"]
[PlyCount "72"]
[TimeControl "1500+5"]

1. e4 e5 2. Nf3 Nc6 3. Nc3 Nf6 4. d4 exd4 5. Nxd4 Bc5 6. Nxc6 bxc6 7. Be2 h6
8. O-O O-O 9. Bf4 d5 10. exd5 cxd5 11. a3 c6 12. b4 Bd6 13. Be3 Qc7 14. h3
Be6 15. Bf3 Be5 16. Bd4 Rad8 17. Bxe5 Qxe5 18. Ne2 Qg5 19. Ng3 Ne4 20. Bxe4
dxe4 21. Qc1 Qg6 22. Re1 f5 23. Ne2 Qf6 24. Nf4 Bd5 25. c4 Bf7 26. Qe3 Rd7
27. Rad1 Rfd8 28. Rxd7 Rxd7 29. c5 g5 30. Ne2 Rd3 31. Qc1 f4 32. Rd1 f3 33.
Rxd3 exd3 34. Ng3 fxg2 35. Kxg2 Bd5+ 36. Kh2 Qxf2# {White checkmated} 0-1

[Event "ICC tourney 2983 (25 5)"]
[Site "Internet Chess Club"]
[Date "2022.08.13"]
[Round "3"]
[White "Mishra, Abhinav:acm9000"]
[Black "ANGEL, BORYS:BArkadia"]
[Result "0-1"]
[ICCResult "White checkmated"]
[WhiteElo "1211"]
[BlackElo "1434"]
[Opening "Queen's pawn: London system"]
[ECO "A45"]
[NIC "QP.07"]
[Time "14:00:01"]
[PlyCount "90"]
[TimeControl "1500+5"]

1. d4 Nf6 2. Bf4 d6 3. Nc3 g6 4. e4 Bg7 5. Qd2 c6 6. Bh6 O-O 7. O-O-O b5 8.
f3 a5 9. Bxg7 Kxg7 10. g4 a4 11. h4 b4 12. Nce2 b3 13. a3 bxc2 14. Re1 e5
15. h5 Ng8 16. Ng3 Nd7 17. Bd3 Rb8 18. dxe5 Nxe5 19. Qxc2 Qb6 20. Bf1 Ba6
21. Bxa6 Qxa6 22. Re3 Rb7 23. Re2 Nd3+ 24. Kd1 Nxb2+ 25. Kc1 Rfb8 26. Qc3+
f6 27. Rxb2 Rxb2 28. Qxb2 Rxb2 29. Kxb2 Qb5+ 30. Kc1 Qc4+ 31. Kd1 Qb3+ 32.
Ke2 Qxa3 33. Nh3 Qb2+ 34. Ke3 a3 35. Nf4 Qb3+ 36. Kf2 a2 37. hxg6 hxg6 38.
g5 Qb2+ 39. Nge2 a1=Q 40. Ne6+ Kf7 41. Nd8+ Ke8 42. Ne6 Qa7+ 43. Kg3 Qxe2
44. Rh8 Qaf2+ 45. Kg4 Qexf3# {White checkmated} 0-1

[Event "ICC tourney 2983 (25 5)"]
[Site "Internet Chess Club"]
[Date "2022.08.13"]
[Round "3"]
[White "MOELTNER, BRIAN MICHAEL:BrianM1"]
[Black "STINSON, RUSSELL:rcstinson"]
[Result "0-1"]
[ICCResult "White checkmated"]
[WhiteElo "1214"]
[BlackElo "1405"]
[Opening "Sicilian defense"]
[ECO "B40"]
[NIC "SI.43"]
[Time "14:00:05"]
[PlyCount "56"]
[TimeControl "1500+5"]

1. e4 c5 2. Nf3 e6 3. c3 d5 4. exd5 exd5 5. d4 Nf6 6. Bg5 cxd4 7. Nxd4 Be7
8. Bb5+ Bd7 9. Bxd7+ Nbxd7 10. O-O O-O 11. Re1 Re8 12. Na3 Ne4 13. Bxe7 Rxe7
14. Qg4 Ndf6 15. Qf3 Qb6 16. Re2 Ng5 17. Qd3 Rae8 18. Rae1 Ne6 19. Nf5 Rd7
20. Qg3 g6 21. Nd4 Ne4 22. Qe3 Ng7 23. Qh6 Rde7 24. Kf1 Nf5 25. Nxf5 Qxf2+
26. Rxf2 Ng3+ 27. Kg1 Rxe1+ 28. Rf1 Rxf1# {White checkmated} 0-1

[Event "ICC tourney 2983 (25 5)"]
[Site "Internet Chess Club"]
[Date "2022.08.13"]
[Round "3"]
[White "MOROZOV, VASILIY:VasilyMorozov"]
[Black "GHAZARIAN, JANNA:Janna"]
[Result "1-0"]
[ICCResult "Black resigns"]
[WhiteElo "1393"]
[BlackElo "963"]
[Opening "Réti: Nimzovich-Larsen attack"]
[ECO "A06"]
[NIC "QP.09"]
[Time "14:00:11"]
[PlyCount "77"]
[TimeControl "1500+5"]

1. Nf3 d5 2. b3 Nc6 3. Bb2 Bf5 4. e3 Nf6 5. c4 e6 6. Nc3 Be7 7. Be2 Qd7 8.
Nh4 Bg6 9. cxd5 exd5 10. Nxg6 fxg6 11. Nb5 a6 12. Nd4 O-O 13. Rc1 Nxd4 14.
Bxd4 Ne4 15. O-O c5 16. Bb2 Rf7 17. d3 Ng5 18. Bg4 Qc7 19. h4 h5 20. hxg5
hxg4 21. Qxg4 Rc8 22. Qe6 Bxg5 23. Qxd5 Be7 24. d4 Rd8 25. Qe6 Rd6 26. Qe5
Rf5 27. Rxc5 Qxc5 28. dxc5 Rxe5 29. cxd6 Re6 30. dxe7 Rxe7 31. Rc1 Rd7 32.
Bd4 b5 33. Rc8+ Kh7 34. Ra8 Rd6 35. Ra7 Kh6 36. Bxg7+ Kg5 37. Bd4 Rc6 38. a4
bxa4 39. bxa4 {Black resigns} 1-0